 Dungeon Crawl Stone Soup version 0.24-a0-515-gbe7f5e2e8d (webtiles) character file.

Game seed: 18091761131347724425

4533 Ablot the Magician (level 10, -2/79 HPs)
             Began as a Gnoll Skald on July 21, 2019.
             Was a Believer of Okawaru.
             Slain by an orc knight
             ... wielding a +0 war axe
              (27 damage)
             ... in a bailey.
             The game lasted 00:25:23 (6630 turns).

Ablot the Magician (Gnoll Skald)                    Turns: 6630, Time: 00:25:24

Health: -2/79      AC:  9    Str: 15    XL:     10   Next: 39%
Magic:  8/29       EV: 16    Int: 16    God:    Okawaru [**....]
Gold:   418        SH:  6    Dex: 16    Spells: 9/23 levels left

rFire    + . .     SeeInvis .   y - +2 whip (elec)
rCold    + . .     Gourm    .   q - +1 buckler
rNeg     . . .     Faith    .   H - +3 leather armour
rPois    .         Spirit   .   (no helmet)
rElec    .         Reflect  .   t - scarf {rC+ rF+}
rCorr    .         Harm     .   G - +0 pair of gloves
MR       +....                  x - +0 pair of boots
Stlth    +++.......             (no amulet)
HPRegen  1.23/turn              F - ring of protection from magic
MPRegen  0.21/turn              b - ring of magical power

@: singing, regenerating (expiring)
A: distributed training, fangs 1, strong nose
a: Heroism, Renounce Religion


You were in a bailey.
You worshipped Okawaru.
Okawaru was pleased with you.
You were not hungry.

You visited 1 branch of the dungeon, and saw 9 of its levels.
You also visited: Bailey.

You collected 418 gold pieces.

Inventory:

Hand Weapons
 n - a +2 spear of flaming
 y - a +2 whip of electrocution (weapon)
Missiles
 e - 183 stones
 p - 26 poisoned darts (quivered)
 w - 40 sling bullets
 D - 84 arrows
 E - 59 bolts
 I - a throwing net
Armour
 q - a +1 buckler (worn)
 t - a scarf of resistance (worn)
 x - a +0 pair of boots (worn)
 G - a +0 pair of gloves (worn)
 H - a +3 leather armour (worn)
Jewellery
 b - a ring of magical power (right hand)
 F - a ring of protection from magic (left hand)
Wands
 B - a wand of random effects (23)
 J - a wand of disintegration (11)
Scrolls
 c - 2 scrolls of teleportation
 g - a scroll of silence {unknown}
 i - 2 scrolls of enchant armour
 k - a scroll of remove curse
 l - 3 scrolls of fog
 o - a scroll of magic mapping
 r - 3 scrolls of blinking
 u - a scroll of noise {unknown}
 K - a scroll of acquirement {unknown}
Potions
 f - 4 potions of heal wounds
 h - 3 potions of agility
 j - 2 potions of curing
 m - 2 potions of ambrosia
 s - 4 potions of brilliance
 v - a potion of mutation
 z - 2 potions of flight
 A - a potion of lignification {unknown}
 C - a potion of invisibility {unknown}
Comestibles
 a - 20 chunks of flesh
 d - 10 rations


   Skills:
 + Level 7.0 Fighting
 + Level 5.1 Short Blades
 + Level 5.1 Long Blades
 + Level 5.1 Axes
 + Level 5.1 Maces & Flails
 + Level 7.0 Polearms
 + Level 5.1 Staves
 + Level 5.1 Slings
 + Level 5.1 Bows
 + Level 5.1 Crossbows
 + Level 5.1 Throwing
 + Level 5.8 Armour
 + Level 7.0 Dodging
 + Level 5.1 Stealth
 + Level 5.1 Shields
 + Level 5.1 Unarmed Combat
 + Level 7.2 Spellcasting
 + Level 4.2 Conjurations
 + Level 4.2 Hexes
 + Level 7.0 Charms
 + Level 4.2 Summonings
 + Level 4.2 Necromancy
 + Level 4.2 Translocations
 + Level 4.2 Transmutations
 + Level 4.2 Fire Magic
 + Level 4.2 Ice Magic
 + Level 4.2 Air Magic
 + Level 4.2 Earth Magic
 + Level 4.2 Poison Magic
 + Level 5.6 Invocations
 + Level 5.1 Evocations


You had 9 spell levels left.
You knew the following spells:

 Your Spells              Type           Power        Failure   Level  Hunger
a - Infusion              Chrm           ####         1%          1    None
b - Song of Slaying       Chrm           ####....     1%          2    None
c - Shroud of Golubria    Chrm/Tloc      ###...       2%          2    None
d - Regeneration          Chrm/Necr      ###.......   4%          3    ##.....
e - Spectral Weapon       Hex/Chrm       ###.....     4%          3    ##.....
f - Beastly Appendage     Tmut           ###...       2%          1    None
g - Sticks to Snakes      Tmut           ###.....     3%          2    None

Your spell library contained the following spells:

 Spells                   Type           Power        Failure   Level  Hunger
 Spider Form              Tmut/Pois      ###.......   8%          3    ##.....
 Ice Form                 Ice/Tmut       ###.....     24%         4    ####...
 Blade Hands              Tmut           ###.......   56%         5    #####..


Dungeon Overview and Level Annotations

Branches:
Dungeon (9/15)             Temple (0/1) D:7            Lair (0/6) D:9
    Orc: D:9-12

Altars:
Cheibriados
Elyvilon
Gozag
Okawaru

Shops:
D:3 *   D:5 }


Innate Abilities, Weirdness & Mutations

Your experience applies equally to all skills.
You have very sharp teeth.
Your uncanny sense of smell can sniff out nearby items.


Message History

The orc knight is severely wounded.
Unknown command.
You hit the orc knight but do no damage.
You bite the orc knight.
The orc knight is severely wounded.
Your skin is crawling a little less now.
A gnoll comes into view. It is wielding a +0 hand axe.
Unknown command.
Casting: Spectral Weapon (safe; 4% risk of failure)
Confirm with . or Enter, or press ? or * to list all spells.
You draw out your weapon's spirit!
The orc knight hits you with a +0 war axe!
A gnoll comes into view. It is wielding a +0 hand axe.
The gnoll closely misses you.
Unknown command.
You closely miss the orc knight.
The orc knight is severely wounded.
Your spectral weapon barely misses the orc knight.
The orc knight hits you with a +0 war axe!!
You die...

#..KK≈.≈K...#
#'###≈.≈###+#
#....≈.≈K...#
#'###≈.≈###'#
#^...≈.≈K...#
######+######
#.))# #.(.#
#.o@# ##g##
#.g ∆ ...8 ∆
∆..#.. #####.
.. ..


You could see an orc knight, 2 gnolls and a friendly spectral +2 whip of
electrocution.

Vanquished Creatures
  Pikel (D:5)
  Psyche (D:8)
  A troll (D:8)
  Grinder (D:4)
  A hungry ghost (D:6)
  Menkaure (D:5)
  Duvessa (D:6)
  3 orc warriors (Bailey)
  A sky beast (D:6)
  5 ogres
  3 centaurs
  A phantom (D:5)
  A big kobold (D:9)
  2 gnoll sergeants
  Dowan (D:6)
  2 bullfrogs
  A scorpion (D:5)
  3 wights (D:7)
  3 howler monkeys
  A crimson imp (D:6)
  A bullfrog zombie (D:9)
  A quasit (D:8)
  A centaur zombie (D:5)
  4 hounds
  A jelly (D:6)
  Crazy Yiuf (D:7)
  2 bullfrog skeletons
  2 centaur skeletons
  2 orc priests
  5 orc wizards
  An iguana (D:9)
  6 worker ants
  A howler monkey zombie (D:6)
  A worker ant zombie (D:5)
  14 gnolls
  12 adders
  3 shadow imps
  An adder skeleton (D:8)
  2 worms
  5 dart slugs
  4 leopard geckos
  22 orcs
  A ball python (D:2)
  8 giant cockroaches
  12 goblins
  6 hobgoblins
  13 jackals
  5 quokkas
  6 bats
  5 frilled lizards
  9 kobolds
  7 rats
198 creatures vanquished.

Vanquished Creatures (others)
  2 crimson imps (D:5)
  An orc wizard (D:5)
  A dart slug (D:5)
  3 orcs (D:5)
  5 jackals (D:5)
  21 fungi (D:9)
  9 plants (D:9)
  7 spectral weapons
49 creatures vanquished.

Grand Total: 247 creatures vanquished

Notes
Turn   | Place    | Note
-------+----------+-------------------------------------------
     0 | D:1      | Ablot the Gnoll Skald began the quest for the Orb.
     0 | D:1      | Reached XP level 1. HP: 20/20 MP: 6/6
    56 | D:1      | Reached XP level 2. HP: 25/26 MP: 7/7
    60 | D:1      | Learned a level 2 spell: Song of Slaying
    63 | D:1      | Learned a level 2 spell: Shroud of Golubria
   247 | D:1      | Reached XP level 3. HP: 26/31 MP: 9/9
   252 | D:1      | Learned a level 3 spell: Regeneration
   256 | D:1      | Learned a level 3 spell: Spectral Weapon
   316 | D:1      | Reached skill level 5 in Spellcasting
   467 | D:1      | Reached skill level 1 in Invocations
   700 | D:2      | Reached skill level 1 in Short Blades
   700 | D:2      | Reached skill level 1 in Long Blades
   700 | D:2      | Reached skill level 1 in Axes
   700 | D:2      | Reached skill level 1 in Maces & Flails
   700 | D:2      | Reached skill level 1 in Staves
   700 | D:2      | Reached skill level 1 in Slings
   700 | D:2      | Reached skill level 1 in Bows
   700 | D:2      | Reached skill level 1 in Crossbows
   700 | D:2      | Reached skill level 1 in Throwing
   700 | D:2      | Reached skill level 1 in Stealth
   700 | D:2      | Reached skill level 1 in Shields
   700 | D:2      | Reached skill level 1 in Unarmed Combat
   700 | D:2      | Reached skill level 1 in Evocations
   725 | D:2      | Reached XP level 4. HP: 38/38 MP: 2/11
  1412 | D:3      | Reached skill level 1 in Conjurations
  1412 | D:3      | Reached skill level 1 in Hexes
  1412 | D:3      | Reached skill level 1 in Summonings
  1412 | D:3      | Reached skill level 1 in Necromancy
  1412 | D:3      | Reached skill level 1 in Translocations
  1412 | D:3      | Reached skill level 1 in Transmutations
  1412 | D:3      | Reached skill level 1 in Fire Magic
  1412 | D:3      | Reached skill level 1 in Ice Magic
  1412 | D:3      | Reached skill level 1 in Air Magic
  1412 | D:3      | Reached skill level 1 in Earth Magic
  1412 | D:3      | Reached skill level 1 in Poison Magic
  1416 | D:3      | Reached XP level 5. HP: 34/43 MP: 3/12
  1554 | D:3      | Found Gozag's Platinum Reserve.
  1554 | D:3      | Found an opulent altar of Gozag.
  2287 | D:4      | Noticed an ogre
  2349 | D:3      | Killed an ogre
  2349 | D:3      | Reached XP level 6. HP: 50/50 MP: 5/13
  2442 | D:4      | Reached skill level 5 in Fighting
  2442 | D:4      | Reached skill level 5 in Polearms
  2442 | D:4      | Reached skill level 5 in Dodging
  2599 | D:4      | Reached XP level 7. HP: 26/56 MP: 0/15
  2963 | D:4      | Noticed Grinder
  2979 | D:4      | Killed Grinder
  2994 | D:4      | Found a snail-covered altar of Cheibriados.
  3021 | D:5      | Entered Level 5 of the Dungeon
  3200 | D:5      | Found Ynacin Ubui's Gadget Shop.
  3233 | D:5      | Reached XP level 8. HP: 63/63 MP: 8/16
  3383 | D:5      | Noticed Pikel
  3404 | D:5      | Killed Pikel
  3701 | D:5      | Noticed Menkaure
  3713 | D:5      | Killed Menkaure
  3854 | D:5      | Reached XP level 9. HP: 68/69 MP: 18/18
  4188 | D:6      | Noticed Duvessa
  4197 | D:6      | Noticed Dowan
  4199 | D:6      | Killed Duvessa
  4208 | D:6      | Killed Dowan
  4236 | D:6      | Found an iron altar of Okawaru.
  4242 | D:6      | Became a worshipper of Warmaster Okawaru
  4307 | D:6      | Reached skill level 5 in Armour
  4384 | D:6      | Found a white marble altar of Elyvilon.
  5153 | D:7      | Got a shimmering mace
  5156 | D:7      | Found a runed translucent door.
  5157 | D:7      | Noticed Crazy Yiuf
  5168 | D:7      | Killed Crazy Yiuf
  5173 | D:7      | Identified the +3 mace of Armageddon {drain, Dex+2} (You
                  | found it on level 7 of the Dungeon)
  5243 | D:7      | Reached * piety under Okawaru
  5320 | D:7      | Found a staircase to the Ecumenical Temple.
  5614 | D:8      | Noticed Psyche
  5623 | D:8      | Killed Psyche
  5623 | D:8      | Reached skill level 5 in Invocations
  5649 | D:8      | Learned a level 1 spell: Beastly Appendage
  5652 | D:8      | Learned a level 2 spell: Sticks to Snakes
  5667 | D:8      | Reached XP level 10. HP: 73/77 MP: 20/20
  6060 | D:8      | Reached ** piety under Okawaru
  6070 | D:8      | Reached skill level 5 in Short Blades
  6070 | D:8      | Reached skill level 5 in Long Blades
  6070 | D:8      | Reached skill level 5 in Axes
  6070 | D:8      | Reached skill level 5 in Maces & Flails
  6070 | D:8      | Reached skill level 5 in Staves
  6070 | D:8      | Reached skill level 5 in Slings
  6070 | D:8      | Reached skill level 5 in Bows
  6070 | D:8      | Reached skill level 5 in Crossbows
  6070 | D:8      | Reached skill level 5 in Throwing
  6070 | D:8      | Reached skill level 5 in Stealth
  6070 | D:8      | Reached skill level 5 in Shields
  6070 | D:8      | Reached skill level 5 in Unarmed Combat
  6070 | D:8      | Reached skill level 5 in Evocations
  6503 | D:9      | Found a flagged portal.
  6529 | Bailey   | Entered a bailey
  6593 | Bailey   | Noticed an orc knight
  6630 | Bailey   | Slain by an orc knight

Levels and vault maps discovered:
D:1:      minmay_arrival_jagged, layout_basic
D:2:      layout_basic, minmay_cut_off
D:3:      layout_loops_corners, nicolae_gozag_zags_fifth_avenue
D:4:      layout_cave_pools, kennysheep_slug_shrine, uniq_grinder
D:5:      layout_loops_ring, serial_shops,
          nicolae_shop_temple_entry_statues_fountains, first_ration,
          uniq_menkaure, uniq_pikel
D:6:      layout_basic, elyvilon_altar_3, serial_glass, glass_columns_a,
          glass_columns_c, hangedman_decor_diamond_cutter, okawaru_trees_2,
          uniq_duvessa
D:7:      layout_basic, minmay_temple_entry_mini_moons, uniq_crazy_yiuf_cottage
D:8:      layout_rooms, uniq_psyche
D:9:      layout_basic, due_lair_maze_entry_diamond,
          lightli_bailey_entry_fortress, uniq_maurice, uniq_gastronok
Bailey:   bailey_axe_1, bailey

Skill      XL: |  1  2  3  4  5  6  7  8  9 10 |
---------------+-------------------------------+-----
Spellcasting   | 5 6 7 |  7.2
Invocations    | 1 2 3 4 5 |  5.6
Short Blades   | 1 2 3 4 5 |  5.1
Long Blades    | 1 2 3 4 5 |  5.1
Axes           | 1 2 3 4 5 |  5.1
Maces & Flails | 1 2 3 4 5 |  5.1
Staves         | 1 2 3 4 5 |  5.1
Slings         | 1 2 3 4 5 |  5.1
Bows           | 1 2 3 4 5 |  5.1
Crossbows      | 1 2 3 4 5 |  5.1
Throwing       | 1 2 3 4 5 |  5.1
Stealth        | 1 2 3 4 5 |  5.1
Shields        | 1 2 3 4 5 |  5.1
Unarmed Combat | 1 2 3 4 5 |  5.1
Evocations     | 1 2 3 4 5 |  5.1
Conjurations   | 1 2 3 4 |  4.2
Hexes          | 1 2 3 4 |  4.2
Summonings     | 1 2 3 4 |  4.2
Necromancy     | 1 2 3 4 |  4.2
Translocations | 1 2 3 4 |  4.2
Transmutations | 1 2 3 4 |  4.2
Fire Magic     | 1 2 3 4 |  4.2
Ice Magic      | 1 2 3 4 |  4.2
Air Magic      | 1 2 3 4 |  4.2
Earth Magic    | 1 2 3 4 |  4.2
Poison Magic   | 1 2 3 4 |  4.2
Armour         | 3 4 5 |  5.8
Fighting       | 5 6 7 |  7.0
Polearms       | 5 6 7 |  7.0
Dodging        | 5 6 7 |  7.0
Charms         | 6 7 |  7.0

Action                   |  1- 3 |  4- 6 |  7- 9 | 10-12 || total
-------------------------+-------+-------+-------+-------++-------
Melee: Spear             |   142 |   192 |    90 |       ||   424
       Bite              |     4 |    16 |    26 |    15 ||    61
       Punch             |       |       |     3 |       ||     3
       Whip              |       |       |   147 |   131 ||   278
       Headbutt          |       |       |       |     8 ||     8
Throw: Dart              |       |       |    19 |     7 ||    26
 Cast: Shroud of Golubri |     2 |     9 |    20 |     9 ||    40
       Infusion          |     1 |     6 |     6 |     1 ||    14
       Song of Slaying   |     1 |     1 |     4 |     4 ||    10
       Regeneration      |       |     2 |    10 |     4 ||    16
       Spectral Weapon   |       |     5 |    15 |    13 ||    33
       Beastly Appendage |       |       |       |    10 ||    10
  Use: Scroll            |       |       |     7 |    10 ||    17
 Stab: Sleeping          |     4 |     5 |     6 |     2 ||    17
       Distracted        |     1 |     3 |     2 |       ||     6
  Eat: Chunk             |       |     6 |    10 |     4 ||    20
       Ration            |       |       |     1 |       ||     1
Armor: Leather armour    |    22 |    19 |    17 |    34 ||    92
Dodge: Dodged            |    63 |    82 |   106 |   155 ||   406
Block: Buckler           |       |       |    13 |    63 ||    76

Table legend:
 A = Non-vault XP
 B = Vault XP
 C = Vault XP percentage of total XP
 D = Non-vault monster count
 E = Vault monster count
 F = Vault count percentage of total count
                 A         B        C        D         E       F
            +---------+---------+-------+---------+---------+-------
      Total |    4210 |    2267 |  35.0 |     170 |      28 |  14.1
            +---------+---------+-------+---------+---------+-------
        D:1 |      63 |       0 |   0.0 |      34 |       0 |   0.0
        D:2 |      55 |       4 |   6.8 |      10 |       2 |  16.7
        D:3 |     236 |       0 |   0.0 |      20 |       0 |   0.0
        D:4 |     319 |     304 |  48.8 |      20 |       2 |   9.1
        D:5 |     596 |     789 |  57.0 |      16 |       2 |  11.1
        D:6 |    1006 |     230 |  18.6 |      20 |       2 |   9.1
        D:7 |     403 |      41 |   9.2 |      11 |       1 |   8.3
        D:8 |    1146 |     454 |  28.4 |      25 |       1 |   3.8
        D:9 |     386 |      38 |   9.0 |      14 |       6 |  30.0
     Bailey |       0 |     407 | 100.0 |       0 |      12 | 100.0
            +---------+---------+-------+---------+---------+-------
